 Dungeon Crawl Stone Soup version 0.30-a0-458-g86641cc369 (webtiles) character file.

Game seed: 2012110130845643870

16207 p00ps00p the Cleaver (level 12, -3/113 HPs)
             Began as a Hill Orc Fighter on Dec 15, 2022.
             Was an Initiate of Gozag.
             Slain by a skeletal warrior
             ... wielding a +0 short sword
              (11 damage)
             ... on level 11 of the Dungeon.
             The game lasted 00:16:21 (13127 turns).

p00ps00p the Cleaver (Hill Orc Fighter)            Turns: 13127, Time: 00:16:21

Health: -3/113     AC: 16    Str: 37    XL:     12   Next: 35%
Magic:  12/12      EV: 10    Int:  8    God:    Gozag
Gold:   107        SH:  8    Dex: 19    Spells: 11/11 levels left

rFire   x . .      SeeInvis .    a - +3 war axe (venom)
rCold   . . .      Faith    .    c - +1 buckler
rNeg    + . .      Spirit   .    o - +2 ring mail "Adeczoy" {Drain rF- Will+++ Str+7}
rPois   .          Reflect  .    F - +1 helmet "Netizes" {rN+ Dex+3}
rElec   .          Harm     .    I - +1 cloak {rCorr}
rCorr   +          Rampage  .    C - +0 pair of gloves
Will    +++..                    (no boots)
Stlth   +.........               B - amulet of magic regeneration
HPRegen 0.38/turn                H - +6 ring of dexterity
MPRegen 0.53/turn                t - +6 ring of strength

@: no status effects
A: no striking features
a: Renounce Religion, Potion Petition, Call Merchant, Bribe Branch


You were on level 11 of the Dungeon.
You worshipped Gozag.
Gozag was aware of your devotion.
You visited 2 branches of the dungeon, and saw 12 of its levels.
You also visited: Ossuary and Bailey.

You collected 1227 gold pieces.
You spent 247 gold pieces at shops.
You paid 873 gold pieces to Gozag.

Inventory:

Hand Weapons
 a - a +3 war axe of venom (weapon)
 r - the +7 sling "Ficsogin" {antimagic, Str-3 Dex+8 Stlth+}
   (You found it on level 5 of the Dungeon)

   It reduces the magical energy of the wielder, and disrupts the spells and
   magical abilities of those it strikes.
   Natural abilities and divine invocations are not affected.
   Str:       It affects your strength (-3).
   Dex:       It affects your dexterity (+8).
   Stlth:     It makes you more stealthy.
Missiles
 k - 3 throwing nets (quivered)
Armour
 c - a +1 buckler (worn)
 o - the +2 ring mail "Adeczoy" (worn) {Drain rF- Will+++ Str+7}
   (You found it on level 3 of the Dungeon)

   Str:       It affects your strength (+7).
   rF:        It makes you vulnerable to fire.
   Drain:     It drains your maximum health when unequipped.
   Will:      It greatly increases your willpower.
 C - a +0 pair of gloves (worn)
 F - the +1 helmet "Netizes" (worn) {rN+ Dex+3}
   (You found it on level 8 of the Dungeon)

   Dex:       It affects your dexterity (+3).
   rN:        It protects you from negative energy.
 I - a +1 cloak of preservation (worn)
Jewellery
 l - a +6 ring of dexterity
 t - a +6 ring of strength (right hand)
 A - a ring of poison resistance
 B - an amulet of magic regeneration (around neck)
 H - a +6 ring of dexterity (left hand)
Wands
 g - a wand of iceblast (3)
 s - a wand of polymorph (11)
 w - a wand of flame (2)
 y - a wand of mindburst (13)
 J - a wand of quicksilver (3)
Scrolls
 b - 2 scrolls of silence
 e - a scroll of magic mapping
 f - a scroll of identify
 q - 2 scrolls of vulnerability
 v - 2 scrolls of fog
 x - 2 scrolls of blinking
 D - 2 scrolls of brand weapon
 K - a scroll of immolation {unknown}
Potions
 d - 5 potions of might
 h - 7 potions of curing
 i - 7 potions of mutation
 j - 8 potions of haste
 m - 3 potions of heal wounds
 n - 2 potions of berserk rage
 p - 5 potions of invisibility
 u - a potion of ambrosia
 z - 4 potions of brilliance
 E - a potion of magic {unknown}
 G - a potion of lignification {unknown}


   Skills:
 + Level 12.4 Fighting
 + Level 13.2 Axes
 + Level 11.4 Armour
 + Level 11.4 Shields


You had 11 spell levels left.
You didn't know any spells.
Your spell library contained the following spells:

 Spells                   Type           Power      Damage    Failure   Level
 Apportation              Tloc           0%         N/A       54%         1
 Necrotise                Necr           0%         1d4       54%         1
 Slow                     Hex            0%         N/A       54%         1
 Sting                    Tmut/Pois      0%         1d3       54%         1
 Blink                    Tloc           0%         N/A       69%         2
 Poisonous Vapours        Pois/Air       0%         N/A       69%         2
 Scorch                   Fire           0%         2d5       69%         2
 Confusing Touch          Hex            0%         N/A       89%         3
 Ignite Poison            Fire/Tmut/Pois 0%         N/A       89%         3
 Stone Arrow              Conj/Erth      0%         3d7       89%         3
 Vampiric Draining        Necr           0%         2d6       89%         3
 Animate Armour           Summ/Erth      0%         N/A       100%        4
 Flame Wave               Conj/Fire      0%         2d4       100%        4
 Manifold Assault         Tloc           0%         N/A       100%        4
 Olgreb's Toxic Radiance  Pois           0%         N/A       100%        4
 Passage of Golubria      Tloc           0%         N/A       100%        4
 Sticky Flame             Conj/Fire      0%         2d3       100%        4
 Agony                    Necr           0%         N/A       100%        5
 Alistair's Intoxication  Tmut/Pois      0%         N/A       100%        5
 Silence                  Hex/Air        0%         N/A       100%        5
 Summon Forest            Summ/Tloc      0%         N/A       100%        5
 Eringya's Noxious Bog    Tmut/Pois      0%         N/A       100%        6
 Summon Cactus Giant      Summ           0%         N/A       100%        6
 Storm Form               Tmut/Air       0%         N/A       100%        7
 Summon Hydra             Summ           0%         N/A       100%        7
 Ignition                 Fire           0%         3d3       100%        8
 Lehudib's Crystal Spear  Conj/Erth      0%         10d2      100%        8


Dungeon Overview and Level Annotations

Branches:
Dungeon (11/15)            Temple (1/1) D:4            Lair (0/5) D:11
Ossuary (visited)          Bailey (visited)
    Orc: D:9-12

Altars:
Ashenzari
Cheibriados
Dithmenos
Elyvilon
Fedhas
Gozag
Hepliaklqana
Kikubaaqudgha
Makhleb
Nemelex Xobeh
Okawaru
Qazlal
Ru
Sif Muna
Trog
Uskayaw
Vehumet
Wu Jian
Xom
Yredelemnul
Zin
The Shining One

Shops:
D:7 :   D:10 [[

Annotations:
D:11 3 runed translucent doors, indyram44's ghost, journeyman DsGl


Message History

You destroy the skeletal warrior!
You slash the skeletal warrior!
The skeletal warrior hits you with a +0 short sword.
You hit the skeletal warrior.
The skeletal warrior is moderately damaged.
You closely miss the skeletal warrior.
The skeletal warrior is moderately damaged.
The skeletal warrior hits you but does no damage.
You slash the skeletal warrior!
The skeletal warrior is heavily damaged.
The skeletal warrior hits you but does no damage.
You hit the skeletal warrior but do no damage.
The skeletal warrior is heavily damaged.
The skeletal warrior hits you with a +0 short sword.
You barely miss the skeletal warrior.
The skeletal warrior is heavily damaged.
The skeletal warrior hits you with a +0 short sword.
You hit the skeletal warrior but do no damage.
The skeletal warrior is heavily damaged.
The skeletal warrior is distracted by your dazzling golden aura.
You closely miss the skeletal warrior.
The skeletal warrior is no longer distracted by gold.
The skeletal warrior is heavily damaged.
The skeletal warrior hits you with a +0 short sword!
* * * LOW HITPOINT WARNING * * *
You hit the skeletal warrior but do no damage.
The skeletal warrior is heavily damaged.
You hit the skeletal warrior but do no damage.
The skeletal warrior is heavily damaged.
You block the skeletal warrior's attack.
Unknown command.
You slash the skeletal warrior!
The skeletal warrior is severely damaged.
The skeletal warrior hits you with a +0 short sword!
* * * LOW HITPOINT WARNING * * *
You closely miss the skeletal warrior.
The skeletal warrior is severely damaged.
The skeletal warrior hits you with a +0 short sword!
You die...
Your body crumbles into a pile of gold.

## . ..####### .#
......... .########.#
........#
........z.#####.######.#
#.@$...... ######.#
#.######## #.......
##.##########..###..
#.#####...##.........###..
#..........#.#####.....#..
##..............#
#.#.#.#..
##...###.....#)#.#
#.......)
##.....###...##.#.#
#.#.#.#..
#.......#.......#.#
#........


You could see a skeletal warrior.

Vanquished Creatures
  Harold (D:9)
  A hydra (D:11)
  3 two-headed ogres
  Amaemon (D:9)
  A skeletal warrior (D:11)
  An orc knight (Bailey)
  An ugly thing (D:11)
  An orange demon (D:9)
  A gargoyle (D:11)
  A kobold demonologist (D:10)
  A komodo dragon (D:8)
  A troll (D:10)
  A hornet (D:9)
  A wraith (D:11)
  20 yaks
  A water elemental (D:11)
  2 steam dragons (D:10)
  3 wargs (D:11)
  5 water moccasins
  Duvessa (D:4)
  An ice beast (D:5)
  An orc warrior (D:8)
  4 centaurs
  3 ogres (D:5)
  2 phantoms
  4 kobold brigands
  4 bullfrogs
  3 necrophages
  5 wyvern zombies (Ossuary)
  5 scorpions
  2 water moccasin zombies
  15 wights
  Dowan (D:4)
  2 water moccasin skeletons (D:6)
  3 electric eels (D:11)
  9 howler monkeys
  The ghost of arthad the Prestidigitator, a weakling GnWn (D:3)
  5 centaur zombies (Ossuary)
  13 bullfrog zombies
  2 bullfrog skeletons (D:6)
  4 hounds (D:5)
  2 orc priests
  4 iguanas
  Terence (D:2)
  6 orc wizards
  2 killer bee zombies
  11 mummies (Ossuary)
  3 howler monkey zombies
  Robin (D:4)
  9 gnolls
  6 adders
  A shadow imp (D:7)
  A white imp (D:8)
  An ufetubus (D:5)
  4 worms
  A dart slug (D:1)
  39 orcs
  4 endoplasms
  21 goblins
  7 hobgoblins
  10 jackals
  19 kobolds
  3 quokkas
  8 ball pythons
  4 bats
  3 frilled lizards
  3 rats
311 creatures vanquished.

Vanquished Creatures (others)
  A fungus (D:1)
  2 plants (D:1)
  5 withered plants
8 creatures vanquished.

Grand Total: 319 creatures vanquished

Notes
Turn   | Place    | Note
-------+----------+-------------------------------------------
     0 | D:1      | p00ps00p the Hill Orc Fighter began the quest for the Orb.
     0 | D:1      | Reached XP level 1. HP: 19/19 MP: 1/1
    84 | D:1      | Reached skill level 3 in Axes
    84 | D:1      | Reached XP level 2. HP: 25/27 MP: 2/2
   267 | D:1      | Reached XP level 3. HP: 32/33 MP: 3/3
   310 | D:1      | Found a faded altar of an unknown god.
   841 | D:2      | Noticed Terence
   845 | D:2      | Killed Terence
   846 | D:2      | Reached XP level 4. HP: 34/41 MP: 4/4
  1596 | D:3      | Found a large runed translucent door.
  1596 | D:3      | Found a large runed translucent door.
  1601 | D:3      | Noticed arthad's ghost (weakling GnWn)
  1720 | D:3      | Identified the +2 ring mail "Adeczoy" {Drain rF- Will+++
                  | Str+7}
  1761 | D:3      | Reached skill level 4 in Axes
  1868 | D:3      | Reached XP level 5. HP: 36/47 MP: 5/5
  2196 | D:3      | Killed arthad's ghost
  2267 | D:4      | Reached XP level 6. HP: 51/55 MP: 6/6
  2315 | D:4      | Noticed Robin
  2318 | D:4      | Reached skill level 5 in Fighting
  2335 | D:4      | Killed Robin
  2770 | D:4      | Found a staircase to the Ecumenical Temple.
  3007 | D:4      | Noticed Duvessa
  3008 | D:4      | Noticed Dowan
  3013 | D:4      | Killed Duvessa
  3014 | D:4      | Reached skill level 5 in Axes
  3014 | D:4      | Reached skill level 5 in Armour
  3014 | D:4      | Reached skill level 5 in Shields
  3025 | D:4      | Killed Dowan
  3026 | D:4      | Reached XP level 7. HP: 56/61 MP: 7/7
  3236 | D:5      | Entered Level 5 of the Dungeon
  3370 | D:5      | Reached skill level 6 in Axes
  3430 | D:5      | Reached XP level 8. HP: 71/71 MP: 8/8
  3530 | D:5      | Reached skill level 7 in Axes
  3551 | D:5      | Identified the +7 sling "Ficsogin" {antimagic, Str-3 Dex+8
                  | Stlth+}
  3729 | D:5      | Found a shadowy altar of Dithmenos.
  4079 | D:6      | Reached XP level 9. HP: 23/80 MP: 3/9
  4080 | D:6      | Reached skill level 8 in Axes
  4498 | D:6      | Found a basalt altar of Yredelemnul.
  4500 | D:6      | Found an ancient bone altar of Kikubaaqudgha.
  4505 | D:6      | Found a broken altar of Ashenzari.
  4505 | D:6      | Found a burning altar of Makhleb.
  4507 | D:6      | Found a sacrificial altar of Ru.
  4509 | D:6      | Found a glowing golden altar of the Shining One.
  4510 | D:6      | Found a sparkling altar of Nemelex Xobeh.
  4952 | D:7      | Reached skill level 9 in Axes
  5282 | D:7      | Found a sand-covered staircase.
  5294 | Ossuary  | Entered an ossuary
  5341 | Ossuary  | Reached XP level 10. HP: 68/91 MP: 10/10
  5952 | D:7      | Found Puhag's Book Shoppe.
  5966 | D:7      | Reached skill level 10 in Axes
  6371 | D:8      | Found a blossoming altar of Fedhas.
  6371 | D:8      | Noticed a two-headed ogre
  6379 | D:8      | Killed a two-headed ogre
  6545 | D:8      | Identified the +1 helmet "Netizes" {rN+ Dex+3}
  6655 | D:8      | Found a shimmering blue altar of Sif Muna.
  6749 | D:8      | Reached skill level 10 in Fighting
  7334 | D:8      | Reached skill level 11 in Axes
  7334 | D:8      | Reached XP level 11. HP: 60/101 MP: 11/11
  7857 | D:9      | Found a flagged portal.
  7879 | Bailey   | Entered a bailey
  8084 | Bailey   | Noticed an orc knight
  8093 | Bailey   | Killed an orc knight
  8693 | D:9      | Noticed Amaemon
  8693 | D:9      | Noticed Harold
  8704 | D:9      | Reached skill level 10 in Armour
  8704 | D:9      | Reached skill level 10 in Shields
  8704 | D:9      | Killed Harold
  8709 | D:9      | Killed Amaemon
  8978 | D:9      | Found a shimmering blue altar of Sif Muna.
  8984 | D:9      | Found a glowing silver altar of Zin.
  9191 | Temple   | Entered the Ecumenical Temple
  9251 | Temple   | Became a worshipper of Gozag Ym Sagoz the Greedy
  9560 | D:9      | Noticed a two-headed ogre
  9569 | D:9      | Killed a two-headed ogre
  9570 | D:9      | Reached skill level 12 in Axes
 10283 | D:10     | Entered Level 10 of the Dungeon
 10609 | D:10     | Noticed a two-headed ogre
 10620 | D:10     | Killed a two-headed ogre
 10798 | D:10     | Identified the +7 war axe of Upugonk {venom, MP+9 Int+5}
 10880 | D:10     | Found Ivva's Armour Shop.
 11086 | D:10     | Reached XP level 12. HP: 74/112 MP: 12/12
 11526 | D:11     | Found a staircase to the Lair.
 12125 | D:11     | Noticed an eight-headed hydra
 12160 | D:11     | Killed a nine-headed hydra
 12161 | D:11     | Reached skill level 13 in Axes
 12697 | D:10     | Bought a +1 cloak of preservation for 247 gold pieces
 13056 | D:11     | Found a runed translucent gate.
 13056 | D:11     | Found a runed translucent gate.
 13057 | D:11     | Found a runed translucent gate.
 13057 | D:11     | Noticed indyram44's ghost (journeyman DsGl)
 13127 | D:11     | Slain by a skeletal warrior

Illustrated notes

Levels and vault maps discovered:
D:1:      lemuel_arrival_muddy, layout_rooms,
          shapermc_ecumenical_altar_hornbeckon
D:2:      layout_basic, uniq_terence
D:3:      layout_loops_corners, ebering_ghost_disaster_area,
          grunt_decor_one_mirror
D:4:      layout_loops_corners, minmay_temple_entry_statues_fountains,
          uniq_robin, uniq_duvessa
D:5:      layout_rooms, mainiacjoe_overflow_paths, serial_rivers,
          chequers_serial_rivers_small_3, chequers_serial_rivers_small_b,
          chequers_serial_rivers_micro_c, chequers_serial_rivers_micro_d,
          chequers_serial_rivers_micro_c, st_stairs_10, minmay_crystal_water
D:6:      layout_rooms, minitemple, serial_undead, serial_undead_c,
          serial_undead_a, serial_undead_d, serial_undead_f
D:7:      layout_loops_corners, serial_shops, shop, enter_ossuary_1
D:8:      layout_basic, hangedman_feature_mirror
D:9:      layout_grid_maze, mainiacjoe_overflow_catwalk_spiral, enter_bailey_7,
          uniq_amaemon, uniq_harold
D:10:     layout_loops_ring, kennysheep_small_square
D:11:     layout_loops_ring, erik_lair_orcish_takeover, erik_orc_2,
          gammafunk_ghost_ooze, evilmike_minifort
Temple:   nicolae_temple_ecumenical_triangle

Skill      XL: |  1  2  3  4  5  6  7  8  9 10 11 12 |
---------------+-------------------------------------+-----
Axes           | 3 4 5 6 7 9 11 12 13 | 13.2
Fighting       | 4 5 6 7 9 10 11 12 | 12.4
Shields        | 4 5 7 8 9 11 | 11.4
Armour         | 4 5 7 8 9 10 11 | 11.4

Action                   |  1- 3 |  4- 6 |  7- 9 | 10-12 || total
-------------------------+-------+-------+-------+-------++-------
Melee: War axe           |    86 |   127 |   191 |   501 ||   905
 Fire: Sling             |       |       |    18 |       ||    18
Invok: Call Merchant     |       |       |       |     1 ||     1
Evoke: Wand              |       |       |       |     5 ||     5
  Use: Scroll            |     5 |     8 |     3 |    14 ||    30
       Potion            |       |       |     2 |     3 ||     5
 Stab: Confused          |       |       |     2 |       ||     2
       Sleeping          |       |       |       |     4 ||     4
       Distracted        |       |       |       |     1 ||     1
Armor: Scale mail        |    54 |    16 |       |       ||    70
       Ring mail         |       |    55 |   116 |   163 ||   334
Dodge: Dodged            |    50 |    45 |    93 |   192 ||   380
Block: Buckler           |    31 |    31 |    78 |   200 ||   340

Table legend: (Time is in decaauts)
 A = Elapsed time spent in this place.
 B = Non-inter-level travel time spent in this place.
 C = Inter-level travel time spent in this place.
 D = Time resting spent in this place.
 E = Time spent auto-exploring this place.
 F = Levels seen in this place.
 G = Mean time per level.
                   A        B        C        D        E       F      G
               +--------+--------+--------+--------+--------+-----+--------+
         Total |  13245 |  12523 |    722 |   1202 |   9035 |  14 |  946.1 |
       Dungeon |  12198 |  11486 |    712 |   1202 |   8351 |  11 | 1108.9 |
        Temple |     69 |     60 |      9 |      0 |     31 |   1 |   69.0 |
       Ossuary |    479 |    479 |      0 |      0 |    271 |   1 |  479.0 |
        Bailey |    497 |    497 |      0 |      0 |    382 |   1 |  497.0 |
               +--------+--------+--------+--------+--------+-----+--------+

Top non-repeatable levels by time:
     D:9: 1719 daAuts
    D:10: 1642 daAuts
     D:8: 1549 daAuts
    D:11: 1186 daAuts
     D:4: 1069 daAuts
     D:7: 1029 daAuts
     D:3: 941 daAuts
     D:5: 863 daAuts
     D:6: 840 daAuts
     D:1: 693 daAuts
     D:2: 664 daAuts
  Bailey: 497 daAuts
 Ossuary: 479 daAuts
  Temple: 69 daAuts
